 Dungeon Crawl Stone Soup version 0.31.0-11-ge490571c62 (webtiles) character file.

Game seed: 12272240741573495084

38441 SmokeWeed the Impaler (level 13, -4/124 (126) HPs)
             Began as a Minotaur Gladiator on Feb 3, 2024.
             Was a High Priest of Okawaru.
             Slain by a shadow wraith (10 damage)
             ... summoned by a vampire mage
             ... on level 15 of the Dungeon.
             The game lasted 00:45:36 (13090 turns).

SmokeWeed the Impaler (Minotaur Gladiator)         Turns: 13090, Time: 00:45:36

HP:   -4/124 (126)  AC: 28    Str: 20    XL:     13   Next: 63%
MP:   0/15          EV: 19    Int:  9    God:    Okawaru [*****.]
Gold: 633           SH:  0    Dex: 27    Spells: 12/12 levels left

rFire   . . .        n - +4 glaive (heavy)
rCold   . . .        (shield currently unavailable)
rNeg    . . .        r - +4 plate armour of the Meadowlark {Rampage Dex+5}
rPois   .            c - +2 hat
rElec   +            K - +2 cloak
rCorr   .            (no gloves)
SInv    .            (no boots)
Will    .....        k - amulet of guardian spirit Stlth
                     f - +5 ring of evasion
HPRegen 0.40/turn    C - ring "Leugraby" {rElec Int+4 Dex+6}
MPRegen 0.14/turn

%: guardian spirit, rampage
@: heroic, hasted and slowed, lightly drained, invisible
A: horns 2, retaliatory headbutt, claws 1, talons 1
a: Renounce Religion, Heroism, Finesse, Duel


You were on level 15 of the Dungeon.
You worshipped Okawaru.
Okawaru was extremely pleased with you.
You visited 2 branches of the dungeon, and saw 14 of its levels.
You visited the Abyss 1 time.
You also visited: Sewer and Ossuary.

You collected 738 gold pieces.
You spent 105 gold pieces at shops.

Inventory:

Hand Weapons
 j - a +2 scimitar of flaming
 n - a +4 heavy glaive (weapon)
 p - a +0 halberd
 z - a +3 scimitar
 D - a +4 trident of freezing
 M - a +0 morningstar
 O - a +2 scimitar of freezing
 Q - a +3 long sword of freezing
 R - a +3 morningstar
Missiles
 e - 5 javelins
 S - 7 boomerangs (quivered)
 U - 4 silver javelins
Armour
 c - a +2 hat (worn)
 r - the +4 plate armour of the Meadowlark (worn) {Rampage Dex+5}
   (You found it on level 12 of the Dungeon)

   Dex+5:     It affects your dexterity (+5).
   Rampage:   It bestows one free step when moving towards enemies.
 K - a +2 cloak (worn)
 X - a +0 kite shield
Magical Staves
 q - a staff of air
Jewellery
 a - a +6 ring of dexterity
 f - a +5 ring of evasion (left claw)
 k - an amulet of guardian spirit (around neck)
 o - a ring of poison resistance
 y - a ring of ice
 C - the ring "Leugraby" (right claw) {rElec Int+4 Dex+6}
   (You found it on level 5 of the Dungeon)

   [ring of dexterity]

   Int+4:     It affects your intelligence (+4).
   Dex+6:     It affects your dexterity (+6).
   rElec:     It insulates you from electricity.
 P - a ring of positive energy
 V - a ring of resist corrosion
Wands
 b - a wand of acid (3)
 w - a wand of charming (12)
 F - a wand of iceblast (6)
 J - a wand of flame (8)
 L - a wand of polymorph (7)
Scrolls
 g - 2 scrolls of amnesia
 h - 6 scrolls of teleportation
 m - 2 scrolls of immolation
 t - a scroll of noise
 u - 2 scrolls of fear
 v - a scroll of torment
 x - a scroll of enchant armour
 A - 3 scrolls of poison
 I - 2 scrolls of revelation
Potions
 d - 4 potions of cancellation
 i - 2 potions of attraction
 l - a potion of magic
 s - 7 potions of curing
 E - 2 potions of brilliance
 G - 2 potions of invisibility
 H - a potion of lignification {unknown}
 N - a potion of enlightenment {unknown}
 T - a potion of ambrosia


   Skills:
 * Level 15.0(20.0) Fighting
 - Level 2.5(7.5) Long Blades
 + Level 16.1(21.1) Polearms
 * Level 6.6(11.6) Throwing
 * Level 13.6(18.6) Armour
 + Level 5.0(10.0) Dodging
 - Level 2.8(7.8) Stealth
 * Level 2.2(7.2) Shields
 * Level 4.1 Invocations
 * Level 2.9 Evocations


You had 12 spell levels left.
You didn't know any spells.
Your spell library contained the following spells:

 Spells                   Type           Power      Damage    Failure   Level
 Conjure Ball Lightning   Conj/Air       0%         3x3d6     100%        6
 Orb of Destruction       Conj           0%         9d5       100%        7
 Discord                  Hex            0%         N/A       100%        8
 Disjunction              Tloc           0%         N/A       100%        8
 Summon Blazeheart Golem  Fire/Summ      Unusable   N/A       N/A         4
 Malign Gateway           Summ/Tloc      Unusable   N/A       N/A         7
 Spellforged Servitor     Conj/Summ      Unusable   N/A       N/A         7
 Summon Horrible Things   Summ           Unusable   N/A       N/A         8

Dungeon Overview and Level Annotations

Branches:
Dungeon (15/15)            Temple (1/1) D:4            Lair (0/5) D:11
    Orc (0/2) D:12         Vaults (0/5) D:13          Sewer (visited)
Ossuary (visited)
 Depths: D:15

Altars:
Ashenzari
Cheibriados
Dithmenos
Elyvilon
Fedhas
Gozag
Kikubaaqudgha
Makhleb
Nemelex Xobeh
Okawaru
Qazlal
Ru
Sif Muna
Trog
Uskayaw
Vehumet
Xom
Yredelemnul
Zin
The Shining One

Shops:
D:1 ?:   D:4 **   D:12 *?

Annotations:
D:8 3 transporters


Innate Abilities, Weirdness & Mutations

You have a pair of horns on your head.
You reflexively headbutt those who attack you in melee.
You have sharp fingernails.
You have sharp toenails.


Message History

The skeletal warrior hits you but does no damage.
Something hits you.
* * * LOW HITPOINT WARNING * * *
The skeletal warrior hits you but does no damage.
Something hits you but does no damage. Something closely misses you.
You fade into invisibility!
You feel yourself speed up. Something hits you but does no damage.
Something closely misses you. Something misses you.
The skeletal warrior hits you with a +0 mace!
* * * LOW HITPOINT WARNING * * *
The necromancer mumbles some strange words.
The necromancer binds the souls of nearby monsters.
Something hits you.
* * * LOW HITPOINT WARNING * * *
Something drains your vigour!
You feel yourself slow down.
You feel yourself speed up.
You hear some strange, mumbled words.
The skeletal warrior closely misses you.
Something hits you!
* * * LOW HITPOINT WARNING * * *
Something drains your vigour!
You feel as though you will be slow longer.
The skeletal warrior misses you. Something hits you but does no damage.
Something barely misses you.
You are too injured to fight recklessly!
You slash the boggart simulacrum!
Your kick misses the boggart simulacrum.
The boggart simulacrum is severely damaged.
Something closely misses you. Something hits you but does no damage.
Something bites you.
* * * LOW HITPOINT WARNING * * *
Something draws strength from your injuries!
The skeletal warrior misses you. The necromancer casts a spell at you.
The bolt of negative energy hits something.
The bolt of negative energy misses you. The boggart simulacrum misses you.
You slice the boggart simulacrum!!
The boggart simulacrum vaporises!
Something hits you!
You die... .......$...# ...........# #..$..... ....$......### #....8... .............. ....8.... ...(......... ......... ..†<†......# #....8. ...........# #pZV.

...........# #{z#
...........#####@{#
.................○#
..................#
..................#
..................#
..................#
..................###
...............).....
.....................


You could see a skeletal warrior (unable to see you), a necromancer (unable to
see you), a vampire (summoned) and a storm dragon skeleton (unable to see you).

Vanquished Creatures
  Rupert (D:12)
  Azrael (D:12)
  Josephine (D:12)
  Erolcha (D:9)
  2 hydras (D:14)
  4 boulder beetles
  2 dancing weapons (D:13)
  4 tengu warriors
  A thrashing horror (Abyss:1)
  A storm dragon skeleton (D:15)
  6 skeletal warriors
  2 large abominations (Abyss:1)
  16 ugly things
  9 cyclopes
  Maurice (D:8)
  A manticore (D:14)
  A gargoyle (D:12)
  Maggie (D:8)
  A kobold demonologist (D:14)
  A rime drake (D:11)
  A tengu conjurer (D:13)
  5 trolls
  A polar bear (D:14)
  A queen bee (shapeshifter) (D:14)
  A hornet (D:10)
  3 slime creatures (D:14)
  A spriggan (shapeshifter) (D:14)
  A shadow (D:11)
  A fire elemental (D:12)
  4 wraiths (D:12)
  A wyvern (D:9)
  A warg (D:12)
  15 yaks
  A neqoxec (Abyss:1)
  11 vampire mosquitoes
  A redback (shapeshifter) (D:13)
  2 acid dragons
  3 hell hounds (D:12)
  3 ice beasts (D:11)
  A black bear (D:4)
  An orc warrior (D:12)
  A laughing skull (D:14)
  An ogre (D:5)
  4 centaurs
  3 wolves (D:10)
  4 bullfrogs
  A gnoll sergeant (D:10)
  2 burial acolytes (Ossuary)
  14 wights
  13 killer bees
  2 howler monkeys
  An electric eel (D:12)
  2 bombardier beetles (D:4)
  A hound (D:4)
  9 orc priests
  Ijyb (D:4)
  6 orc wizards
  9 gnolls
  11 adders
  3 river rats (Sewer)
  3 ufetubi
  4 ribbon worms
  3 dart slugs
  28 orcs
  10 bats
  3 endoplasms
  4 giant cockroaches (D:4)
  8 hobgoblins
  4 kobolds
  A quokka (D:1)
  20 ball pythons
  2 ball python skeletons (Ossuary)
  7 frilled lizards
  10 goblins
  A hobgoblin skeleton (Ossuary)
  4 kobold skeletons (Ossuary)
  3 orc skeletons (Ossuary)
  21 rats
340 creatures vanquished.

Vanquished Creatures (others)
  A yak (D:12)
  An orc (D:12)
2 creatures vanquished.

Grand Total: 342 creatures vanquished

Notes
Turn   | Place    | Note
-------+----------+-------------------------------------------
     0 | D:1      | SmokeWeed the Minotaur Gladiator began the quest for the
                  | Orb.
     0 | D:1      | Reached XP level 1. HP: 18/18 MP: 0/0
    93 | D:1      | Found Heenlom's Book Shop.
   164 | D:1      | Reached skill level 4 in Polearms
   164 | D:1      | Reached XP level 2. HP: 25/25 MP: 1/1
   555 | D:1      | Found Bagryil's Magic Scroll Boutique.
   758 | D:2      | Found a faded altar of an unknown god.
   873 | D:2      | Reached XP level 3. HP: 16/30 MP: 2/2
  1495 | D:2      | Reached skill level 1 in Armour
  1618 | D:3      | Reached XP level 4. HP: 35/37 MP: 3/3
  1631 | D:3      | Reached skill level 5 in Polearms
  1788 | D:3      | Reached XP level 5. HP: 44/45 MP: 4/4
  2290 | D:3      | Found a shimmering blue altar of Sif Muna.
  2415 | D:4      | Found a glowing drain.
  2439 | Sewer    | Entered a sewer
  2593 | Sewer    | Reached skill level 6 in Polearms
  2689 | Sewer    | Reached XP level 6. HP: 18/51 MP: 5/5
  2873 | D:4      | Found Zetipre's General Store.
  2877 | D:4      | Found Zibreyd's Specific Store.
  2885 | D:4      | Bought a scroll of enchant weapon for 105 gold pieces
  2976 | D:4      | Noticed Ijyb
  2989 | D:4      | Killed Ijyb
  3076 | D:4      | Reached XP level 7. HP: 49/57 MP: 6/6
  3116 | D:4      | Reached skill level 5 in Armour
  3403 | D:4      | Found a staircase to the Ecumenical Temple.
  3542 | Temple   | Entered the Ecumenical Temple
  3563 | Temple   | Became a worshipper of Warmaster Okawaru
  3668 | D:5      | Entered Level 5 of the Dungeon
  3675 | D:5      | Reached skill level 7 in Polearms
  3685 | D:5      | Identified the ring "Leugraby" {rElec Int+4 Dex+6}
  3801 | D:5      | Found a sand-covered staircase.
  3810 | Ossuary  | Entered an ossuary
  3977 | Ossuary  | Reached * piety under Okawaru
  4344 | D:5      | You fall into a shaft and drop 3 floors!
  4406 | D:8      | Found a transporter.
  4406 | D:8      | Noticed Maurice
  4414 | D:8      | Reached XP level 8. HP: 65/67 MP: 7/7
  4427 | D:8      | Killed Maurice
  4428 | D:8      | Reached skill level 5 in Fighting
  4428 | D:8      | Reached skill level 8 in Polearms
  4428 | D:8      | Reached skill level 1 in Stealth
  4473 | D:8      | Found a transporter.
  4475 | D:8      | Found a transporter.
  4478 | D:8      | Found a transporter.
  4484 | D:8      | Noticed Maggie
  4494 | D:8      | Killed Maggie
  4495 | D:8      | Reached skill level 9 in Polearms
  4691 | D:8      | Reached skill level 10 in Polearms
  4839 | D:8      | Found a broken altar of Ashenzari.
  4842 | D:8      | Reached ** piety under Okawaru
  5603 | D:9      | Reached XP level 9. HP: 70/74 MP: 4/8
  5617 | D:9      | Reached skill level 1 in Long Blades
  5811 | D:9      | Reached skill level 1 in Invocations
  6033 | D:9      | Found a snail-covered altar of Cheibriados.
  6127 | D:9      | Reached skill level 1 in Evocations
  6167 | D:9      | Noticed a cyclops
  6176 | D:9      | Killed a cyclops
  6176 | D:9      | Reached *** piety under Okawaru
  6177 | D:9      | Reached skill level 11 in Polearms
  6271 | D:9      | Noticed Erolcha
  6271 | Abyss:1  | Cast into level 1 of the Abyss (Erolcha)
  6273 | Abyss:1  | Found a corrupted altar of Lugonu.
  6296 | Abyss:1  | Noticed a large abomination
  6301 | Abyss:1  | Noticed a thrashing horror
  6314 | Abyss:1  | Killed a large abomination
  6315 | Abyss:1  | Reached XP level 10. HP: 84/86 MP: 5/10
  6324 | Abyss:1  | Killed a thrashing horror
  6324 | Abyss:1  | Reached **** piety under Okawaru
  6378 | Abyss:1  | Noticed a large abomination
  6385 | Abyss:1  | Killed a large abomination
  6386 | Abyss:1  | Reached skill level 10 in Armour
  6388 | D:9      | Escaped the Abyss
  6400 | D:9      | Killed Erolcha
  6520 | D:9      | Identified the +0 ring mail "Guysa" {Dex+5}
  6736 | D:10     | Entered Level 10 of the Dungeon
  6780 | D:10     | Reached skill level 12 in Polearms
  6884 | D:10     | Found a basalt altar of Yredelemnul.
  7096 | D:10     | Reached ***** piety under Okawaru
  7213 | D:10     | Found a blossoming altar of Fedhas.
  7314 | D:10     | Found a glowing golden altar of the Shining One.
  7314 | D:10     | Found a sacrificial altar of Ru.
  7378 | D:10     | Reached skill level 5 in Dodging
  7378 | D:10     | Reached XP level 11. HP: 81/97 MP: 9/11
  7385 | D:11     | Noticed a boulder beetle
  7432 | D:11     | Killed a boulder beetle
  7433 | D:11     | Reached skill level 13 in Polearms
  7772 | D:11     | Received a gift from Okawaru
  7870 | D:11     | Found a staircase to the Lair.
  8402 | D:11     | Reached skill level 10 in Fighting
  8419 | D:11     | Noticed a brown ugly thing
  8429 | D:11     | Killed a brown ugly thing
  8487 | D:12     | Found Zabrul's Magic Scroll Shop.
  8518 | D:12     | Noticed Rupert
  8524 | D:12     | Paralysed by Rupert for 3 turns
  8534 | D:12     | Killed Rupert
  8535 | D:12     | Reached skill level 5 in Throwing
  8535 | D:12     | Noticed Azrael
  8557 | D:12     | Noticed a skeletal warrior
  8560 | D:12     | Noticed a skeletal warrior
  8561 | D:12     | Received a gift from Okawaru
  8568 | D:12     | Reached skill level 14 in Polearms
  8568 | D:12     | Reached ****** piety under Okawaru
  8574 | D:12     | Noticed a skeletal warrior
  8576 | D:12     | Killed a skeletal warrior
  8577 | D:12     | Reached XP level 12. HP: 76/112 MP: 3/12
  8579 | D:12     | Killed Azrael
  9239 | D:12     | Found a staircase to the Orcish Mines.
  9260 | D:12     | Noticed Josephine
  9279 | D:12     | Killed Josephine
  9350 | D:12     | Found an opulent altar of Gozag.
  9365 | D:12     | Found an opulent altar of Gozag.
  9377 | D:12     | Gained mutation: Your body sometimes deteriorates upon
                  | taking damage. [potion of mutation]
  9377 | D:12     | Gained mutation: You are strong-willed. (Will+) [potion of
                  | mutation]
  9378 | D:12     | Lost mutation: You are strong-willed. (Will+) [potion of
                  | mutation]
  9378 | D:12     | Lost mutation: Your body sometimes deteriorates upon taking
                  | damage. [potion of mutation]
  9378 | D:12     | Gained mutation: You have sharp toenails. [potion of
                  | mutation]
  9378 | D:12     | Gained mutation: You are frail. (-10% HP) [potion of
                  | mutation]
  9378 | D:12     | Gained mutation: You passively map a small area around you.
                  | [potion of mutation]
  9379 | D:12     | Lost mutation: You have sharp toenails. [potion of
                  | mutation]
  9379 | D:12     | Lost mutation: You passively map a small area around you.
                  | [potion of mutation]
  9379 | D:12     | Gained mutation: You are dopey. (Int -2) [potion of
                  | mutation]
  9380 | D:12     | Lost mutation: You are dopey. (Int -2) [potion of mutation]
  9380 | D:12     | Lost mutation: You are frail. (-10% HP) [potion of
                  | mutation]
  9380 | D:12     | Gained mutation: You have sharp toenails. [potion of
                  | mutation]
  9380 | D:12     | Gained mutation: You have sharp fingernails. [potion of
                  | mutation]
  9382 | D:12     | Found an opulent altar of Gozag.
  9392 | D:12     | Found an opulent altar of Gozag.
  9489 | D:12     | Found a flickering gateway to a bazaar.
  9548 | D:12     | Received a gift from Okawaru
  9578 | D:12     | Found Mopilyas's General Store.
  9847 | D:12     | Identified the +4 plate armour of the Meadowlark {Rampage
                  | Dex+5}
 10207 | D:13     | Noticed a tengu warrior
 10213 | D:13     | Reached skill level 15 in Polearms
 10218 | D:13     | Killed a tengu warrior
 10238 | D:13     | Noticed a boulder beetle
 10243 | D:13     | Killed a boulder beetle
 10257 | D:13     | Found a gate to the Vaults.
 10400 | D:13     | Received a gift from Okawaru
 10541 | D:13     | Identified the +5 ring mail "Sulya" {-Tele Str+2 Int+2}
 10995 | D:14     | Noticed a tengu warrior
 11002 | D:14     | Killed a tengu warrior
 11237 | D:14     | Noticed a boulder beetle
 11245 | D:14     | Reached XP level 13. HP: 69/123 MP: 9/14
 11545 | D:14     | Received a gift from Okawaru
 12271 | D:14     | Reached skill level 1 in Shields
 12787 | D:15     | Entered Level 15 of the Dungeon
 12792 | D:14     | Received a gift from Okawaru
 13006 | D:15     | Reached skill level 16 in Polearms
 13010 | D:15     | Reached skill level 15 in Fighting
 13089 | D:15     | HP: 6/124 [something (6)]
 13090 | D:15     | Slain by a shadow wraith

Illustrated notes

Levels and vault maps discovered:
D:1:      minmay_arrival_four_circles, layout_loops_ring, serial_shops,
          nicolae_shop_real_fake_doors, nicolae_shop_behind_doors,
          minmay_3d_cube
D:2:      layout_basic, dreamdust_ecumenical_altar_grove, serial_corexii_hall,
          chequers_hall_statues_wall_a, chequers_hall_statues_y,
          corexii_hall_statues_l, chequers_serial_rivers_micro_c
D:3:      layout_loops_cross, hellmonk_sif_muna_bookshelves,
          minmay_randomly_rotated_circles
D:4:      layout_loops_ring, temple_doors_ab, cheibrodos_sewer_entry_drain,
          nicolae_specific_store, uniq_ijyb
D:5:      layout_rooms, nzn_hepliaklqana_mist_gate,
          nicolae_wu_jian_immortal_techniques,
          mainiacjoe_ossuary_entry_dusty_tomb, nicolae_elemental_shop,
          uniq_duvessa
D:8:      layout_basic, ashenzari_conservatory_becter, enter_bailey_4,
          nicolae_transporter_circle, uniq_maurice, uniq_maggie
D:9:      layout_roguey, chei_slow_surprise, uniq_erolcha
D:10:     layout_stronghold, yredelemnul_altar_generic,
          gammafunk_temple_overflow_wave, fedhas_altar_2, nicolae_tricolors
D:11:     layout_irregular_city, hellmonk_lair_entry_icy, minmay_misc_feat_x,
          roderic_batcave
D:12:     layout_rooms, erik_orc_4, serial_shops, bzr_entry_islet,
          nicolae_shop_stone, nicolae_stop_n_shop_2,
          nicolae_gozag_conspicuous_consumption, uniq_josephine, uniq_azrael,
          uniq_rupert
D:13:     layout_roguey, erik_vaults_1, serial_glass, glass_columns_a,
          glass_columns_b, glass_columns_a, glass_columns_b
D:14:     minmay_evil_eye, layout_basic, nicolae_elevator_lobby_plus
D:15:     gammafunk_depths_entry_grave, layout_small_grid, serial_ice,
          serial_ice_e, serial_ice_n, serial_ice_a, serial_ice_c, serial_ice_i,
          serial_shops, bzr_firewalk, roderic_serpentine_path, uniq_roxanne
Temple:   cyrus_circular_temple

Skill      XL: |  1  2  3  4  5  6  7  8  9 10 11 12 13 |
---------------+----------------------------------------+-----
Polearms       | 4 5 6 7 10 11 12 14 15 16 | 16.1
Armour         | 1 2 3 4 6 7 9 10 11 12 13 | 13.6
Dodging        | 4 5 |  5.0
Fighting       | 3 4 5 7 9 11 14 15 | 15.0
Stealth        | 2 |  2.8
Long Blades    | 2 |  2.5
Invocations    | 1 2 3 4 |  4.1
Evocations     | 1 2 |  2.9
Throwing       | 5 6 |  6.6
Shields        | 2 |  2.2

Action                     |  1- 3 |  4- 6 |  7- 9 | 10-12 | 13-15 || total
---------------------------+-------+-------+-------+-------+-------++-------
  Melee: Trident           |    70 |   127 |   205 |   395 |       ||   797
         Headbutt          |     8 |    11 |    46 |   104 |    24 ||   193
         Punch             |     1 |       |     4 |     7 |     1 ||    13
         Halberd           |       |    24 |       |       |       ||    24
         Scimitar          |       |       |    46 |       |     8 ||    54
         Glaive            |       |       |       |    48 |    95 ||   143
         Kick              |       |       |       |    33 |    36 ||    69
  Throw: Throwing net      |       |     1 |     4 |     1 |       ||     6
         Boomerang         |       |       |       |    64 |     2 ||    66
         Javelin           |       |       |       |     2 |       ||     2
 Invoke: Heroism           |       |       |     7 |    12 |     4 ||    23
  Evoke: Wand              |       |       |     4 |     6 |       ||    10
    Use: Scroll            |       |    12 |     7 |     3 |    10 ||    32
         Potion            |       |     1 |     1 |    10 |     2 ||    14
   Stab: Sleeping          |     1 |       |       |       |       ||     1
         Held in net/web   |       |       |     4 |       |       ||     4
 Armour: Leather armour    |    18 |       |       |       |       ||    18
         Plate armour      |     5 |   129 |   143 |   227 |   176 ||   680
  Dodge: Dodged            |    28 |   139 |   131 |   206 |   117 ||   621
